 Dungeon Crawl Stone Soup version 0.19.0-9-gfd783f2 (webtiles) character file.

282 Andry07 the Skirmisher (level 6, -11/55 HPs)
             Began as a Merfolk Fighter on Nov 7, 2016.
             Was an Initiate of Ashenzari.
             Mangled by Crag's ghost (15 damage)
             ... on level 4 of the Dungeon.
             The game lasted 00:05:30 (2646 turns).

Andry07 the Skirmisher (Merfolk Fighter)            Turns: 2646, Time: 00:05:31

Health: -11/55     AC:  8    Str: 19    XL:     6   Next: 28%
Magic:  6/6        EV:  7    Int:  7    God:    Ashenzari [......]
Gold:   143        SH:  9    Dex: 13    Spells: 0 memorised, 5 levels left

rFire  . . .     SeeInvis .     a - +0 long sword
rCold  . . .     Gourm    .     b - +0 scale mail
rNeg   . . .     Faith    .     c - +0 shield
rPois  .         Spirit   .     w - +0 helmet
rElec  .         Reflect  .     m - +0 cloak
rCorr  .         Harm     .     (no gloves)
MR     .....                    (no boots)
Stlth  ..........               (no amulet)
                                (no ring)
                                (no ring)

@: lethally poisoned (-11 -> -21)
A: change form in water, swift swim, stealthy swim
a: Curse Item, Renounce Religion


You were on level 4 of the Dungeon.
You worshipped Ashenzari.
Ashenzari was noncommittal.
You were not hungry.

You visited 1 branch of the dungeon, and saw 4 of its levels.

You collected 143 gold pieces.

Inventory:

Hand Weapons
 a - a +0 long sword (weapon)
Armour
 b - a +0 scale mail (worn)
 c - a +0 shield (worn)
 m - a +0 cloak (worn)
 w - a +0 helmet (worn)
Wands
 p - a wand of acid (7/15)
Scrolls
 g - a scroll of enchant armour {unknown}
 h - 5 scrolls of noise {unknown}
 i - 4 scrolls of remove curse
 j - 3 scrolls of identify {unknown}
 l - 2 scrolls of teleportation {unknown}
 o - 2 scrolls of magic mapping {unknown}
 s - 2 scrolls of fog {unknown}
Potions
 d - 2 potions of might
 e - a potion of degeneration {unknown}
 k - a potion of mutation {unknown}
 n - a potion of cure mutation {unknown}
 r - 2 potions of lignification {unknown}
 v - a potion of cancellation {unknown}
 x - a potion of heal wounds {unknown}
Books
 u - a book of Changes

   Spells                             Type                      Level
   a - Beastly Appendage              Transmutation                1
   b - Sticks to Snakes               Transmutation                2
   c - Spider Form                    Transmutation/Poison         3
   d - Ice Form                       Ice/Transmutation            4
   e - Blade Hands                    Transmutation                5
Comestibles
 f - 3 bread rations
 q - 2 beef jerkies
 t - a royal jelly


   Skills:
 - Level 7.0 Fighting
 - Level 2.1 Long Blades
 - Level 2.1 Armour
 * Level 3.8 Shields


You had 5 spell levels left.
You didn't know any spells.

Dungeon Overview and Level Annotations

Branches:
Dungeon (4/15)
 Temple: D:4-7

Altars:
Ashenzari
Cheibriados
Nemelex Xobeh
Ru

Annotations:
D:4 Crag's ghost, novice NaVM


Message History

Crag's ghost points at you and mumbles some strange words.
The sting hits you!
You are poisoned.
You slash Crag's ghost!
Crag's ghost is heavily damaged.
You feel sick.
Crag's ghost gestures at you while chanting.
The sting hits you!
You are more poisoned.
* * * LOW HITPOINT WARNING * * *
You closely miss Crag's ghost.
Crag's ghost is heavily damaged.
* * * LOW HITPOINT WARNING * * *
You feel sick.
Crag's ghost points at you and mumbles some strange words.
The sting hits you!
You are more poisoned.
Crag's ghost hits you but does no damage.
You are electrocuted!
You die...

#.# #.#
#.# #.#
#.# #.#
#.# ###
#># #...#
#@#
#.#.##W#
#.⌠.#.#
#.#..'.#
#.⌠.#.'.#
#.#.#..'.#
⌠.#.⌠.###
#.#.#.##
ZW#...#


You could see Crag's ghost.

Vanquished Creatures
  An orc wizard (D:3)
  An iguana (D:3)
  Terence (D:3)
  Natasha (thrice) (D:2)
  A gnoll (D:1)
  3 adders
  An ooze (D:3)
  3 dart slugs
  A leopard gecko (D:3)
  A bat skeleton (D:4)
  3 bat zombies (D:4)
  4 giant cockroaches
  3 goblins
  10 hobgoblins
  6 jackals (D:3)
  3 kobolds
  2 quokkas (D:2)
  A ball python (D:1)
  14 bats
  4 frilled lizards
  10 rats
76 creatures vanquished.

Notes
Turn   | Place    | Note
-------+----------+-------------------------------------------
     0 | D:1      | Andry07 the Merfolk Fighter began the quest for the Orb.
     0 | D:1      | Reached XP level 1. HP: 18/18 MP: 1/1
   116 | D:1      | Reached skill level 4 in Fighting
   116 | D:1      | Reached XP level 2. HP: 15/25 MP: 2/2
   121 | D:1      | Found a snail-covered altar of Cheibriados.
   295 | D:1      | Reached XP level 3. HP: 24/31 MP: 3/3
   802 | D:2      | Noticed Natasha
   812 | D:2      | Killed Natasha
   812 | D:2      | Reached skill level 5 in Fighting
   812 | D:2      | Reached XP level 4. HP: 25/39 MP: 4/4
  1066 | D:2      | Found a shattered altar of Ashenzari.
  1075 | D:2      | Became a worshipper of Ashenzari the Shackled
  1230 | D:2      | Noticed Natasha
  1244 | D:2      | Killed Natasha
  1340 | D:2      | Reached skill level 6 in Fighting
  1396 | D:2      | Reached XP level 5. HP: 42/46 MP: 5/5
  1405 | D:2      | Found a sparkling altar of Nemelex Xobeh.
  1457 | D:2      | Noticed Natasha
  1462 | D:2      | Killed Natasha
  1812 | D:3      | Found a sacrificial altar of Ru.
  1845 | D:3      | Noticed Terence
  1869 | D:3      | Killed Terence
  1869 | D:3      | Reached skill level 7 in Fighting
  2010 | D:3      | Reached XP level 6. HP: 39/55 MP: 6/6
  2620 | D:4      | Noticed Crag's ghost (novice NaVM)
  2646 | D:4      | Mangled by Crag's ghost

Skill      XL: |  1  2  3  4  5 |
---------------+----------------+-----
Fighting       | 4 5 6 7 |  7.0
Long Blades    | |  2.1
Armour         | |  2.1
Shields        | |  3.8

Action                   |  1- 3 |  4- 6 || total
-------------------------+-------+-------++-------
Melee: Long sword        |    69 |   241 ||   310
  Use: Potion            |       |     1 ||     1
 Stab: Paralysed         |       |     1 ||     1
  Eat: Chunk             |       |     6 ||     6
Armor: Scale mail        |    27 |   174 ||   201
Dodge: Dodged            |    23 |    81 ||   104
Block: Shield            |    22 |   160 ||   182
       Rpst.: Long sword |     2 |    33 ||    35
